 Dungeon Crawl Stone Soup version 0.26.1-2-gb8aa6d0cf2 (webtiles) character file.

Game seed: 12495966109047799049

1640 jlumianski the Cleaver (level 8, -8/72 HPs)
             Began as a Palentonga Fighter on Mar 1, 2021.
             Mangled by an orc warrior
             ... wielding a +0 dire flail
              (16 damage)
             ... on level 6 of the Dungeon on Mar 2, 2021.
             The game lasted 00:32:41 (6836 turns).

jlumianski the Cleaver (Palentonga Fighter)         Turns: 6836, Time: 00:32:41

Health: -8/72      AC: 18    Str: 22    XL:     8   Next: 66%
Magic:  8/8        EV:  2    Int:  8    God:
Gold:   37         SH:  9    Dex: 10    Spells: 7/7 levels left

rFire    . . .     SeeInvis +   a - +1 war axe
rCold    . . .     Faith    .   c - +0 kite shield
rNeg     . . .     Spirit   .   g - +0 plate armour
rPois    +         Reflect  .   (no helmet)
rElec    .         Harm     .   (no cloak)
rCorr    .         Rampage  .   s - +0 pair of gloves
Will     .....                  (no barding)
Stlth    ..........             o - amulet of the acrobat
HPRegen  0.22/turn              w - ring of poison resistance
MPRegen  0.11/turn              (no ring)

@: curled up
A: large, rugged brown scales 3, see invisible, deformed body, roll 1, armoured
tail, reflexive curl
a: Rolling Charge


You were on level 6 of the Dungeon.
You visited 1 branch of the dungeon, and saw 6 of its levels.
You also visited: Sewer.

You collected 257 gold pieces.
You spent 220 gold pieces at shops.

Inventory:

Hand Weapons
 a - a +1 war axe (weapon)
 d - a +0 vorpal flail
 i - a +2 vorpal mace
 t - a +2 trident of protection
Missiles
 h - 165 stones
 j - 5 poisoned darts
 r - 4 javelins (quivered)
Armour
 b - a +0 scale mail
 c - a +0 kite shield (worn)
 g - a +0 plate armour (worn)
 s - a +0 pair of gloves (worn)
Jewellery
 f - an uncursed ring of magical power
 o - an amulet of the acrobat (around neck)
 w - a ring of poison resistance (left hand)
Scrolls
 e - 4 scrolls of enchant weapon
 p - 4 scrolls of identify
 q - a scroll of remove curse
Potions
 k - a potion of berserk rage {unknown}
 l - a potion of attraction
 n - a potion of degeneration {unknown}
 u - a potion of flight
 v - a potion of ambrosia {unknown}


   Skills:
 + Level 5.3 Fighting
 + Level 8.2 Axes
 + Level 1.2 Throwing
 + Level 4.3 Armour
 + Level 0.2 Dodging
 + Level 0.1 Stealth
 + Level 3.9 Shields


You had 7 spell levels left.
You didn't know any spells.
Your spell library was empty.

Dungeon Overview and Level Annotations

Branches:
Dungeon (6/15)              Sewer (visited)
 Temple: D:4-7

Altars:
Ashenzari
Hepliaklqana
Xom

Shops:
D:6 =

Annotations:
D:5 3 runed translucent doors, Dillybarz's ghost, novice FoFi


Innate Abilities, Weirdness & Mutations

You are completely covered in rugged brown scales. (AC +3, +7% HP)
You have supernaturally acute eyesight. (SInv)
Armour fits poorly on your strangely shaped body.
You can roll at nearby foes to attack.
You have a long armoured tail.
You curl defensively after being hit.


Message History

You block the orc warrior's attack.
You hit the orc warrior.
The orc warrior is almost dead.
The orc warrior hits you with a +0 dire flail!
* * * LOW HITPOINT WARNING * * *
You closely miss the orc warrior.
The orc warrior is almost dead.
You block the orc warrior's attack.
Throw: 5 javelins
Press: ? - help, Q - select action, (/) - cycle Shift-Dir - straight line, f/p - orc warrior
Aim: an orc warrior, wielding a +0 dire flail and wearing a +0 plate armour (almost dead, 57% to hit)
You throw a javelin.
The javelin pierces through the orc warrior but does no damage.
The orc warrior is almost dead.
The javelin barely misses the orc wizard.
You block the orc warrior's attack.
The orc warrior hits you with a +0 dire flail!
* * * LOW HITPOINT WARNING * * *
The orc warrior hits you with a +0 dire flail!
You die...

#.###.#.#.###
#.......o...#
#####.#.#.#.#
#..(..#
###o### #o##
#oo# ##o# #@#
#.# ..# ####


You could see an orc warrior, an orc wizard (invisible) and 3 orcs.

Vanquished Creatures
  Grinder (D:5)
  Prince Ribbit (D:5)
  A wraith (D:4)
  3 ogres
  A big kobold (Sewer)
  A bullfrog (D:6)
  A scorpion (D:6)
  A centaur zombie (D:6)
  A bullfrog zombie (D:5)
  A jelly (D:6)
  An orc priest (D:5)
  6 worker ants
  3 orc wizards
  A hound skeleton (D:4)
  3 gnolls (D:3)
  9 adders
  A river rat (Sewer)
  A shadow imp (D:6)
  2 white imps (D:5)
  An ufetubus (D:6)
  2 oozes
  2 adder skeletons
  4 worms
  6 dart slugs
  3 leopard geckos
  21 orcs
  2 ball pythons
  2 giant cockroaches (D:4)
  7 goblins
  11 hobgoblins
  11 jackals
  2 quokkas
  4 bats
  8 frilled lizards
  2 jackal skeletons
  11 kobolds
  16 rats
154 creatures vanquished.

Notes
Turn   | Place    | Note
-------+----------+-------------------------------------------
     0 | D:1      | jlumianski the Palentonga Fighter began the quest for the
                  | Orb.
     0 | D:1      | Reached XP level 1. HP: 20/20 MP: 1/1
    84 | D:1      | Reached XP level 2. HP: 27/27 MP: 2/2
   282 | D:2      | Reached XP level 3. HP: 17/33 MP: 3/3
   852 | D:1      | Found a broken altar of Ashenzari.
  1231 | D:2      | Reached XP level 4. HP: 40/40 MP: 4/4
  1337 | D:2      | Reached skill level 3 in Axes
  2418 | D:3      | Reached XP level 5. HP: 30/49 MP: 5/5
  2752 | D:4      | Reached skill level 4 in Axes
  2821 | D:4      | Found a glowing drain.
  2832 | Sewer    | Entered a sewer
  2888 | Sewer    | Reached XP level 6. HP: 46/55 MP: 6/6
  2941 | Sewer    | Found a glowing silver altar of Zin.
  3254 | D:3      | Reached skill level 5 in Axes
  3294 | D:4      | HP: 2/55 [ogre/+0 giant spiked club (23)]
  3944 | D:2      | Gained mutation: You curl defensively after being hit.
                  | [Palentonga growth]
  3944 | D:2      | Reached XP level 7. HP: 46/63 MP: 7/7
  4142 | D:4      | Found a shimmering altar of Xom.
  4144 | D:4      | Found a shimmering altar of Xom.
  4144 | D:4      | Found a shimmering altar of Xom.
  4144 | D:4      | Found a shimmering altar of Xom.
  4144 | D:4      | Found a shimmering altar of Xom.
  4382 | D:4      | Reached skill level 6 in Axes
  4420 | D:5      | Entered Level 5 of the Dungeon
  4556 | D:5      | Found a runed translucent gate.
  4556 | D:5      | Found a runed translucent gate.
  4567 | D:5      | Found a runed translucent gate.
  5133 | D:6      | Found Bufeehur's Jewellery Shoppe.
  5188 | D:6      | Bought an uncursed ring of poison resistance for 220 gold
                  | pieces
  5237 | D:5      | Reached skill level 7 in Axes
  5240 | D:5      | Found a broken altar of Ashenzari.
  5530 | D:6      | Reached XP level 8. HP: 71/71 MP: 8/8
  5628 | D:5      | Found a hazy altar of Hepliaklqana.
  5723 | D:5      | Noticed Prince Ribbit
  5725 | D:5      | Reached skill level 5 in Fighting
  6335 | D:5      | Killed Prince Ribbit
  6336 | D:5      | Reached skill level 8 in Axes
  6336 | D:5      | Reached skill level 1 in Throwing
  6417 | D:5      | Noticed Grinder
  6426 | D:5      | Paralysed by Grinder for 7 turns
  6438 | D:5      | Killed Grinder
  6802 | D:5      | Noticed Dillybarz's ghost (novice FoFi)
  6836 | D:6      | Mangled by an orc warrior

Illustrated notes

Levels and vault maps discovered:
D:1:      psy_arrival_basics, layout_rooms, kennysheep_flooded_box,
          minmay_misc_feat_plants
D:2:      layout_basic, minmay_domino_4
D:3:      layout_basic, nrook_loot_triangle
D:4:      layout_rooms, gup_sewer_entry_bubbles, serial_glass, glass_columns_b,
          glass_columns_a, xom_redecorated
D:5:      kennysheep_big_flooded_room, layout_basic, nzn_hepliaklqana_mist_gate,
          gammafunk_ghost_necromancy, ashenzari_altar_1, uniq_grinder,
          uniq_prince_ribbit1
D:6:      layout_loops_ring, serial_shops, nicolae_shop_crystal

Skill      XL: |  1  2  3  4  5  6  7  8 |
---------------+-------------------------+-----
Axes           | 3 4 5 7 8 |  8.2
Armour         | 3 4 |  4.3
Shields        | 3 |  3.9
Fighting       | 4 5 |  5.3
Throwing       | 1 |  1.2
Dodging        | |  0.2
Stealth        | |  0.1

Action                   |  1- 3 |  4- 6 |  7- 9 || total
-------------------------+-------+-------+-------++-------
Melee: War axe           |   102 |   132 |   168 ||   402
       Tailslap          |    12 |    14 |    19 ||    45
Throw: Stone             |     5 |     1 |       ||     6
       Javelin           |       |     4 |    11 ||    15
       Dart              |       |     3 |    10 ||    13
 Abil: Rolling Charge    |    21 |    25 |    22 ||    68
  Use: Scroll            |     4 |     3 |       ||     7
       Potion            |     1 |     7 |     1 ||     9
Armor: Plate armour      |    58 |    90 |    82 ||   230
Dodge: Dodged            |     4 |    19 |    23 ||    46
Block: Kite shield       |    46 |    64 |    84 ||   194
